 Dungeon Crawl Stone Soup version 0.22-a0-460-g49b1da7 (webtiles) character file.

47294 vineage the Severer (level 14, -3/93 HPs)
             Began as a Gargoyle Fighter on June 9, 2018.
             Was the Champion of Okawaru.
             Slain by Kirke (16 damage)
             ... on level 6 of the Lair of Beasts.
             The game lasted 00:34:29 (13152 turns).

vineage the Severer (Gargoyle Fighter)             Turns: 13152, Time: 00:34:30

Health: -3/93      AC:  0    Str: 23    XL:     14   Next: 41%
Magic:  0/16       EV: 13    Int:  9    God:    Okawaru [******]
Gold:   830        SH:  0    Dex: 11    Spells: 13/13 levels left

rFire    . . .     SeeInvis .   (weapon currently unavailable)
rCold    . . .     Gourm    .   (shield currently unavailable)
rNeg     + . .     Faith    .   (armour currently unavailable)
rPois    ∞         Spirit   +   (helmet currently unavailable)
rElec    .         Reflect  .   (cloak currently unavailable)
rCorr    .         Harm     .   (gloves currently unavailable)
MR       +....                  (boots currently unavailable)
Stlth    +.........             R - amulet of guardian spirit
HPRegen  0.25/turn              (ring currently unavailable)
MPRegen  0.15/turn              (ring currently unavailable)

@: about to teleport, pig-form, slowed
A: small, rugged brown scales 1, negative energy resistance 1, petrification
resistance, rot immunity, AC +10
a: Heroism, Finesse, Renounce Religion


You were on level 6 of the Lair of Beasts.
You worshipped Okawaru.
Okawaru was exalted by your worship.
You were not hungry.
You were a filthy swine.
You visited 3 branches of the dungeon, and saw 16 of its levels.
You also visited: Labyrinth.

You collected 890 gold pieces.
You spent 60 gold pieces at shops.

Inventory:

Hand Weapons
 h - the +10 war axe "Jaots" (melded) {chop, rElec MR+ Dex+4}
   (You found it on level 4 of the Dungeon)

   It inflicts extra damage upon your enemies.
   It affects your dexterity (+4).
   It insulates you from electricity.
   It affects your resistance to hostile enchantments.
 x - the +3 flail "Esuotz" {crush, Str+4}
   (You found it on level 5 of the Dungeon)

   It inflicts extra damage upon your enemies.
   It affects your strength (+4).
 K - a +1 eveningstar of draining
 O - a +0 broad axe of electrocution
Armour
 l - a +0 pair of boots (melded)
 D - a +2 shield of protection (melded)
 J - the +7 plate armour of the Tarantula {Dex+2}
   (You found it on level 1 of the Lair of Beasts)

   It affects your dexterity (+2).
 M - a +2 pair of gloves of strength (melded)
 S - +0 gold dragon scales (melded)
Jewellery
 j - an uncursed ring of protection from fire
 C - an uncursed ring of see invisible
 L - a +1 ring of evasion (melded)
 R - an amulet of guardian spirit (around neck)
 U - an uncursed ring of flight {unknown}
 W - an uncursed amulet of the acrobat {unknown}
 Y - the ring of Secrets (melded) {Wiz rN+}
   (You found it in a labyrinth)

   [ring of wizardry]

   It improves your spell success rate.
   It protects you from negative energy.
 Z - a cursed amulet of inaccuracy {unknown}
Wands
 n - a wand of flame (64)
 p - a wand of paralysis (4)
 y - a wand of digging (11)
 A - a wand of iceblast (8)
 H - a wand of scattershot (5)
 N - a wand of random effects (25)
 P - a wand of acid (9)
 V - a wand of polymorph (15)
 X - a wand of disintegration (12)
Scrolls
 a - 2 scrolls of immolation {unknown}
 b - a scroll of amnesia {unknown}
 d - 6 scrolls of teleportation
 e - 9 scrolls of remove curse
 g - 4 scrolls of fear
 u - 2 scrolls of enchant weapon
 v - 4 scrolls of fog
 w - 3 scrolls of enchant armour
 B - a scroll of vulnerability {unknown}
 E - 3 scrolls of magic mapping
 F - 2 scrolls of random uselessness
 I - 2 scrolls of blinking
Potions
 i - a potion of invisibility
 k - 3 potions of agility
 m - a potion of magic
 o - 2 potions of berserk rage
 q - 2 potions of lignification
 s - 3 potions of flight
 t - 2 potions of curing
 z - a potion of might
 G - 3 potions of degeneration
 Q - a potion of brilliance
 T - a potion of haste
Comestibles
 c - 3 chunks of flesh
 f - 29 rations


   Skills:
 + Level 11.9 Fighting
 + Level 15.6(15.8) Axes
 - Level 4.6(12.2) Maces & Flails
 + Level 9.5 Armour
 - Level 0.9 Dodging
 - Level 0.1 Stealth
 + Level 10.8 Shields
 + Level 3.2 Evocations


You had 13 spell levels left.
You didn't know any spells.
Your spell library contained the following spells:

 Spells                   Type           Power        Failure   Level  Hunger
 Apportation              Tloc           #.....       38%         1    ##.....
 Summon Small Mammal      Summ           #...         38%         1    ##.....
 Animate Dead             Necr           N/A          99%         4    #####..
 Pain                     Necr           #...         38%         1    ##.....
 Animate Skeleton         Necr           N/A          38%         1    ##.....
 Vampiric Draining        Necr           #.........   77%         3    ####...
 Regeneration             Chrm/Necr      #.........   77%         3    ####...
 Recall                   Summ/Tloc      N/A          77%         3    ####...
 Spider Form              Tmut/Pois      #.........   77%         3    ####...
 Blade Hands              Tmut           #.........   100%        5    ######.
 Ice Form                 Ice/Tmut       #.......     99%         4    #####..
 Death Channel            Necr           #.........   100%        6    #######
 Confusing Touch          Hex            #.....       38%         1    ##.....
 Sticks to Snakes         Tmut           #.......     52%         2    ###....
 Lee's Rapid Deconstruct  Erth           #.........   100%        5    ######.
 Sandblast                Erth           #.....       38%         1    ##.....
 Simulacrum               Ice/Necr       #.........   100%        6    #######
 Beastly Appendage        Tmut           #.....       38%         1    ##.....
 Irradiate                Conj/Tmut      #.........   100%        5    ######.
 Borgnjor's Vile Clutch   Necr/Erth      #.........   100%        5    ######.


Dungeon Overview and Level Annotations

Branches:
Dungeon (9/15)             Temple (1/1) D:7            Lair (6/6) D:9
 Shoals (0/4) Lair:4        Snake (0/4) Lair:3        Slime (0/5) Lair:6
    Orc (0/2) D:9

Altars:
Ashenzari
Cheibriados
Dithmenos
Elyvilon
Fedhas
Gozag
Hepliaklqana
Kikubaaqudgha
Makhleb
Nemelex Xobeh
Okawaru
Qazlal
Ru
Sif Muna
Trog
Uskayaw
Vehumet
Wu Jian
Xom
Yredelemnul
Zin
The Shining One

Shops:
D:7 *   D:9 (%((

Annotations:
Lair:3 exclusion: 3 oklob plants
Lair:6 Kirke


Innate Abilities, Weirdness & Mutations

You are resistant to torment.
((Your stone body is resilient. (AC +10)))
You are immune to poison.
((Your large and strong wings let you fly indefinitely.))
You resist negative energy. (rN+)
((You are resistant to electric shocks. (rElec)))
((You can survive without breathing.))
You are immune to petrification.
You are immune to rotting.
((You have sharp fingernails.))
((You have large cloven feet.))
(You are partially covered in rugged brown scales. (AC +1, +3% HP))


Message History

Kirke barely misses you. Kirke casts a spell at you.
You feel as though you will be slow longer.
You feel like a meek peon again.
You start resting.
The tyrant leech bites you!!
* * * LOW HITPOINT WARNING * * *
You feel better. The tyrant leech bites you.
* * * LOW HITPOINT WARNING * * *
As you read the scroll of fear, it crumbles to dust.
You assume a fearsome visage.
The tyrant leech looks frightened!
Kirke resists with almost no effort.
Kirke gestures wildly while chanting.
Kirke flickers and vanishes!
Deactivating autopickup; reactivate with Ctrl-A.
As you read the scroll of teleportation, it crumbles to dust.
You feel strangely unstable. Something hits you!
* * * LOW HITPOINT WARNING * * *
You feel better. Something hits you!
You die...

##. ............
#... ............
#P.. ..........##
#... ##.#.......
..# ##......P.≈ #w#
...#.##.<......≈
#.##......#
##.{##.....#
#..#h#....#
#..####..# ..
##wP###.####.:.
##@P##.†#.#.#...
#......†..........≈
##.................
#..................
##..#....#.......#
##..###.##.P.....#


You could see a tyrant leech (fleeing).

Vanquished Creatures
  A minotaur (Lab)
  4 hydras
  Pikel (D:8)
  Joseph (D:9)
  A centaur zombie (D:8)
  13 elephants
  3 black mambas
  A torpor snail (Lair:5)
  Psyche (D:8)
  19 spiny frogs
  8 komodo dragons
  A polar bear (Lair:4)
  A queen bee (Lair:4)
  A tyrant leech (Lair:6)
  3 meliai (Lair:4)
  A hornet (D:9)
  33 blink frogs
  10 hippogriffs
  9 dream sheep (Lair:5)
  24 yaks
  A wraith (D:7)
  Eustachio (D:5)
  3 hogs (Lair:6)
  2 basilisks
  A hungry ghost (D:8)
  6 vampire mosquitoes (Lair:6)
  4 nagas (Lair:3)
  18 water moccasins
  8 porcupines
  6 orc warriors
  3 ice beasts (D:7)
  An ogre (D:7)
  2 phantoms (D:8)
  A sky beast (D:5)
  2 black bears
  38 wolves
  A centaur (D:6)
  10 crocodiles
  A big kobold (D:7)
  22 bullfrogs
  A gnoll sergeant (D:5)
  A scorpion (Lair:1)
  26 killer bees
  14 wights
  3 howler monkeys
  The ghost of Tiareth the Conjurer, a weakling DECj (D:3)
  2 crimson imps (D:5)
  A jelly (D:5)
  6 orc priests
  2 bullfrog skeletons
  5 iguanas
  Terence (D:2)
  5 orc wizards
  9 worker ants
  2 hound skeletons (D:5)
  A worker ant zombie (D:7)
  6 adders
  7 gnolls
  A shadow imp (D:7)
  An ooze (D:5)
  An adder skeleton (D:6)
  An adder zombie (D:8)
  A worm (D:3)
  3 dart slugs (D:1)
  A leopard gecko (D:1)
  32 orcs
  2 ball pythons
  3 giant cockroaches
  10 goblins
  9 hobgoblins
  4 jackals (D:5)
  6 kobolds
  4 quokkas
  7 bats
  3 frilled lizards
  A leopard gecko skeleton (D:3)
  9 rats
  7 fungi
  4 plants
470 creatures vanquished.

Vanquished Creatures (others)
  An orc priest (D:8)
  15 fungi
  30 plants
46 creatures vanquished.

Grand Total: 516 creatures vanquished

Notes
Turn   | Place    | Note
-------+----------+-------------------------------------------
     0 | D:1      | vineage the Gargoyle Fighter began the quest for the Orb.
     0 | D:1      | Reached XP level 1. HP: 14/14 MP: 1/1
    33 | D:1      | Reached XP level 2. HP: 14/19 MP: 2/2
   236 | D:1      | Reached XP level 3. HP: 23/23 MP: 3/3
   654 | D:1      | Gained mutation: You are partially covered in rugged brown scales. (AC +1, +3% HP) [potion of mutation]
   654 | D:1      | Gained mutation: You have large cloven feet. [potion of mutation]
   654 | D:1      | Gained mutation: You have sharp fingernails. [potion of mutation]
   706 | D:2      | Noticed Terence
   711 | D:2      | Killed Terence
   711 | D:2      | Reached XP level 4. HP: 21/29 MP: 4/4
  1680 | D:3      | Noticed Tiareth's ghost (weakling DECj)
  1688 | D:3      | Killed Tiareth's ghost
  1688 | D:3      | Reached XP level 5. HP: 22/33 MP: 5/5
  2512 | D:4      | Reached XP level 6. HP: 34/39 MP: 6/6
  2848 | D:4      | Got a steaming war axe
  2849 | D:4      | Identified the +10 war axe "Jaots" {chop, rElec MR+ Dex+4} (You found it on level 4 of the Dungeon)
  3280 | D:4      | Reached skill level 1 in Axes
  3694 | D:5      | Entered Level 5 of the Dungeon
  3745 | D:5      | Noticed Eustachio
  3760 | D:5      | Killed Eustachio
  3760 | D:5      | Reached skill level 2 in Axes
  3760 | D:5      | Reached XP level 7. HP: 32/45 MP: 7/7
  3805 | D:5      | Reached skill level 3 in Axes
  4080 | D:5      | Reached skill level 5 in Fighting
  4080 | D:5      | Reached skill level 4 in Axes
  4080 | D:5      | Reached XP level 8. HP: 50/50 MP: 8/8
  4085 | D:5      | Reached skill level 5 in Armour
  4168 | D:5      | Got a crystal flail
  4171 | D:5      | Identified the +3 flail "Esuotz" {crush, Str+4} (You found it on level 5 of the Dungeon)
  4271 | D:5      | Reached skill level 5 in Axes
  4443 | D:5      | Reached skill level 6 in Axes
  4653 | D:6      | Found a burning altar of Makhleb.
  5050 | D:7      | Reached XP level 9. HP: 54/56 MP: 9/9
  5055 | D:7      | Reached skill level 7 in Axes
  5280 | D:7      | Reached skill level 8 in Axes
  5317 | D:7      | Found Zebb's General Store.
  5438 | D:7      | Bought a potion of might for 60 gold pieces
  5537 | D:7      | Found a staircase to the Ecumenical Temple.
  5545 | Temple   | Entered the Ecumenical Temple
  5747 | Temple   | Became a worshipper of Warmaster Okawaru
  5923 | D:8      | Noticed Psyche
  5931 | D:8      | Killed Psyche
  5931 | D:8      | Reached skill level 9 in Axes
  6070 | D:8      | Reached * piety under Okawaru
  6078 | D:8      | Reached XP level 10. HP: 60/64 MP: 10/10
  6185 | D:8      | Noticed Pikel
  6194 | D:8      | Killed Pikel
  6194 | D:8      | Reached skill level 10 in Axes
  6259 | D:8      | Reached ** piety under Okawaru
  6566 | D:9      | Found Owked's Food Boutique.
  6601 | D:9      | Found Baimo's Antique Weapon Emporium.
  6607 | D:9      | Found Faebariutt's Weapon Boutique.
  6710 | D:9      | Found Heh Kavo's Antique Weapon Shop.
  6710 | D:9      | Noticed Joseph
  6723 | D:9      | Killed Joseph
  6723 | D:9      | Reached *** piety under Okawaru
  6723 | D:9      | Reached skill level 11 in Axes
  6816 | D:9      | Found a staircase to the Lair.
  7091 | D:9      | Found a staircase to the Orcish Mines.
  7317 | Lair:1   | Entered Level 1 of the Lair of Beasts
  7454 | Lair:1   | Noticed a spiny frog
  7463 | Lair:1   | Killed a spiny frog
  7586 | Lair:1   | Reached XP level 11. HP: 71/71 MP: 11/11
  7628 | Lair:1   | Reached **** piety under Okawaru
  7641 | Lair:1   | Reached skill level 12 in Axes
  7874 | Lair:1   | Got a heavily runed plate armour
  7885 | Lair:1   | Identified the +7 plate armour of the Tarantula {Dex+2} (You found it on level 1 of the Lair of Beasts)
  8507 | Lair:2   | Reached skill level 5 in Shields
  8509 | Lair:2   | Reached ***** piety under Okawaru
  8803 | Lair:2   | Received a gift from Okawaru
  8880 | Lair:2   | Reached skill level 13 in Axes
  8880 | Lair:2   | Reached XP level 12. HP: 70/79 MP: 12/12
  9288 | Lair:3   | Noticed a six-headed hydra
  9292 | Lair:3   | Reached skill level 10 in Fighting
  9311 | Lair:3   | Killed a seven-headed hydra
  9383 | Lair:3   | Reached skill level 1 in Evocations
  9694 | Lair:3   | Found a staircase to the Snake Pit.
 10246 | Lair:4   | Received a gift from Okawaru
 10673 | Lair:4   | Found a staircase to the Shoals.
 10995 | Lair:4   | Reached XP level 13. HP: 85/85 MP: 14/14
 11199 | Lair:5   | Received a gift from Okawaru
 11202 | Lair:5   | Reached skill level 14 in Axes
 11254 | Lair:5   | Found a radiant altar of Vehumet.
 11321 | Lair:5   | Reached ****** piety under Okawaru
 12342 | Lair:6   | Entered Level 6 of the Lair of Beasts
 12468 | Lair:6   | Reached skill level 10 in Shields
 12473 | Lair:6   | Reached skill level 15 in Axes
 12476 | Lair:6   | Received a gift from Okawaru
 12488 | Lair:6   | Gained mutation: Your large and strong wings let you fly indefinitely. [Gargoyle growth]
 12488 | Lair:6   | Reached XP level 14. HP: 87/92 MP: 13/15
 12640 | Lair:6   | Found a labyrinth entrance.
 12658 | Lab      | Entered a labyrinth
 12788 | Lab      | Identified Sif Muna's Volume of Earthen Transmigration
 12789 | Lab      | Found the +3 pair of gauntlets of War {Slay+5}
 12789 | Lab      | Got a pitted golden ring
 12827 | Lair:6   | Received a gift from Okawaru
 12865 | Lair:6   | Identified the ring of Secrets {Wiz rN+} (You found it in a labyrinth)
 12962 | Lair:6   | Found a staircase to the Slime Pits.
 13104 | Lair:6   | Noticed Kirke
 13124 | Lair:6   | Noticed a sphinx
 13151 | Lair:6   | HP: 4/93 [something (14)]
 13152 | Lair:6   | Slain by Kirke

Vault maps used:
D:1:      roderic_dead_forest, serial_glass, glass_columns_c, glass_columns_b,
          minmay_strange_pillars, feat_on_display, due_unseen_surprise
D:2:      patterned_corridor, uniq_terence
D:5:      first_ration, uniq_eustachio
D:6:      bloody_makhleb
D:7:      minmay_temple_entry_fiery, serial_shops, shop
D:8:      uniq_pikel, uniq_psyche
D:9:      grunt_lair_entry_orc_guard_hut, david_orc_4, serial_shops,
          nicolae_shop_overgrown_old_shop, shop_fountains, shop,
          kennysheep_little_box, uniq_joseph
Temple:   minmay_crystal_snake_temple
Lair:2:   minmay_holes, grunt_forest_large_clearings, grunt_megastairs_5
Lair:3:   minmay_snake_entry_guardpost_small, serial_forest,
          infiniplex_forest_lined_room_, infiniplex_forest_lined_ring,
          infiniplex_forest_clump_long, infiniplex_forest_clump_small,
          infiniplex_forest_lined_2, minmay_lair_oklob_chamber
Lair:4:   shoals_dummy_entry, special_room
Lair:5:   basic_altar, grunt_forest_stairs_basic
Lair:6:   minmay_lair_end_frog_pond, slime_dummy, lab_entry_generic, uniq_kirke
Lab:      labyrinth_mini_lab, nicolae_lab_starburst, nicolae_lab_quarters,
          labyrinth_fake_exit, nicolae_lab_lava, lab_block, nicolae_lab_statue

Skill      XL: |  1  2  3  4  5  6  7  8  9 10 11 12 13 14 |
---------------+-------------------------------------------+-----
Maces & Flails | 3 4 |  4.6
Shields        | 4 6 8 10 | 10.8
Armour         | 4 5 6 7 8 9 |  9.5
Axes           | 2 4 6 9 11 13 15 | 15.6
Fighting       | 4 5 6 7 8 9 10 11 | 11.9
Evocations     | 2 3 |  3.2
Dodging        | |  0.9
Stealth        | |  0.1

Action                   |  1- 3 |  4- 6 |  7- 9 | 10-12 | 13-15 || total
-------------------------+-------+-------+-------+-------+-------++-------
Melee: Flail             |   100 |   159 |       |       |       ||   259
       Kick              |     3 |    28 |       |       |       ||    31
       War axe           |       |    20 |   171 |   440 |   360 ||   991
       Unarmed           |       |       |       |       |     2 ||     2
Invok: Heroism           |       |       |       |     2 |     1 ||     3
Evoke: Wand              |       |       |       |    17 |    38 ||    55
  Use: Scroll            |     2 |     7 |     8 |     3 |     5 ||    25
       Potion            |     1 |     3 |       |     1 |     4 ||     9
  Eat: Chunk             |       |     6 |     5 |     9 |     3 ||    23
       Ration            |       |     1 |     1 |     2 |     1 ||     5
Armor: Scale mail        |    57 |    80 |    72 |    54 |       ||   263
       Plate armour      |       |       |       |   276 |    22 ||   298
       Gold dragon scale |       |       |       |       |   208 ||   208
Dodge: Dodged            |    34 |    51 |    46 |   141 |    86 ||   358
Block: Shield            |    49 |    79 |    96 |   379 |   263 ||   866

Table legend:
 A = Spawn XP
 B = Non-spawn XP
 C = Spawn XP percentage of total XP
 D = Spawn monster count
 E = Non-spawn monster count
 F = Spawn count percentage of total count
 G = Total turns spent on level
                    A         B        C        D         E        F      G
               +---------+---------+-------+---------+---------+-------+---------
         Total |       0 |   67563 |   0.0 |       0 |     458 |   0.0 | 13152
               +---------+---------+-------+---------+---------+-------+---------
           D:1 |       0 |      49 |   0.0 |       0 |      26 |   0.0 |   656
           D:2 |       0 |      89 |   0.0 |       0 |      13 |   0.0 |   978
           D:3 |       0 |     126 |   0.0 |       0 |      22 |   0.0 |   776
           D:4 |       0 |     260 |   0.0 |       0 |      17 |   0.0 |  1284
           D:5 |       0 |    1515 |   0.0 |       0 |      41 |   0.0 |   870
           D:6 |       0 |     274 |   0.0 |       0 |      10 |   0.0 |   483
           D:7 |       0 |    1536 |   0.0 |       0 |      23 |   0.0 |   519
           D:8 |       0 |    2630 |   0.0 |       0 |      23 |   0.0 |   641
           D:9 |       0 |    2278 |   0.0 |       0 |      27 |   0.0 |   829
        Lair:1 |       0 |    3101 |   0.0 |       0 |      16 |   0.0 |   944
        Lair:2 |       0 |    7504 |   0.0 |       0 |      47 |   0.0 |  1021
        Lair:3 |       0 |    6843 |   0.0 |       0 |      26 |   0.0 |   894
        Lair:4 |       0 |    5855 |   0.0 |       0 |      41 |   0.0 |   994
        Lair:5 |       0 |   15763 |   0.0 |       0 |      58 |   0.0 |  1172
        Lair:6 |       0 |   18463 |   0.0 |       0 |      67 |   0.0 |   665
           Lab |       0 |    1277 |   0.0 |       0 |       1 |   0.0 |   145
               +---------+---------+-------+---------+---------+-------+---------
